Map: Central Protocol

Players

Uzikoti - Winner!

  • Race: Terran Terran
  • League: Grandmaster

Miszu

  • Race: Terran Terran
  • League: Grandmaster

VOD

Have the link to the VOD?

Description

Time

  • Played on: Feb. 13, 2016, 6:46 p.m.
  • Length: 4:48
Show
View Real Time Build Order
Export as new Build Order

Uzikoti Terran - Winner!

Build Orders:  

Get SALT Encoding   

  12  0:01  SCV  
  13  0:13  SCV  
  14  0:17  Supply Depot  
  14  0:25  SCV  
  15  0:30  Refinery  
  15  0:39  SCV  
  16  0:45  Barracks  
  16  0:51  SCV  
  16  0:57  Refinery  
  17  1:04  SCV  
  18  1:16  SCV  
  19  1:31  Orbital Command  
  19  1:32  Reaper  
  20  1:38  Factory  
  20  1:46  Supply Depot  
  20  1:57  SCV  
  21  2:04  Reaper  
  22  2:09  SCV  
  23  2:21  SCV  
  24  2:26  Hellion  
  26  2:31  Starport  
  26  2:33  SCV  
  27  2:42  Reaper  
  28  2:45  Supply Depot, SCV  
  28  2:48  Hellion  
  31  3:07  SCV  
  31  3:08  Supply Depot, Starport Tech Lab  
  31  3:09  Hellion  
  34  3:14  Reaper  
  34  3:19  SCV  
  36  3:31  SCV  
  37  3:34  Banshee  
  40  3:43  Hellion, SCV  
  42  3:55  SCV  
  43  3:59  Reaper  
  44  4:07  SCV  
  44  4:09  Hellion  
  44  4:19  SCV  
  45  4:27  Command Center  
  46  4:31  SCV  
Show
View Real Time Build Order
Export as new Build Order

Miszu Terran 

Build Orders:  

Get SALT Encoding   

  12  0:01  SCV  
  13  0:14  SCV  
  13  0:18  Supply Depot  
  14  0:26  SCV  
  15  0:41  Barracks  
  15  0:47  Refinery, SCV  
  16  0:59  SCV  
  17  1:15  SCV  
  18  1:28  Orbital Command  
  18  1:35  Barracks Reactor  
  18  1:46  Command Center  
  18  1:54  SCV  
  19  2:10  SCV  
  19  2:13  Marine x2  
  22  2:16  Supply Depot  
  22  2:20  Factory  
  22  2:23  SCV  
  22  2:31  Marine  
  23  2:37  Marine, SCV  
  25  2:46  Refinery  
  25  2:49  SCV  
  26  2:57  Marine  
  26  2:58  Marine  
  28  3:01  SCV  
  28  3:02  Orbital Command  
  29  3:12  Starport  
  29  3:14  SCV  
  29  3:15  Factory Tech Lab  
  30  3:26  SCV  
  31  3:30  Marine  
  33  3:36  Cyclone  
  33  3:40  Orbital Command  
  35  3:41  Marine  
  35  3:44  SCV  
  35  3:47  Engineering Bay  
  35  3:56  Viking  
  35  4:13  SCV  
  35  4:14  SCV  
  36  4:18  Missile Turret  
Tags
 
Add a new tag
Caveats
  • Supply blocks, unpowered buildings, or Contaminate may cause inaccurate times.
  • Supply counts are checked every 10 seconds.